 Dungeon Crawl Stone Soup version 0.32-a0-900-g30fb1b0edc (webtiles) character file.

Game seed: 9929173207727749817

35585 DEFE the Fetichist (level 13, -8/101 HPs)
             Began as a Coglin Fighter on Apr 5, 2024.
             Was a Believer of Trog.
             Mangled by a boulder beetle (13 damage)
             ... on level 3 of the Lair of Beasts.
             The game lasted 00:13:29 (14743 turns).

DEFE the Fetichist (Coglin Fighter)                Turns: 14743, Time: 00:13:30

Health: -8/101     AC: 21    Str: 21    XL:     13   Next: 84%
Magic:  13/13      EV:  7    Int:  9    God:    Trog [**....]
Gold:   982        SH:  0    Dex: 15    Spells: 12/12 levels left

rFire   . . .        H - +1 whip (venom) {Eanasir}
rCold   . . .        K - +6 whip "Orphecwubb" {venom, rElec Will+ Int+2}
rNeg    . . .        S - +0 plate armour
rPois   .            j - +2 helmet
rElec   +            E - +2 cloak {Stlth+}
rCorr   .            (no gloves)
SInv    .            J - +0 pair of boots
Will    +....        (amulet unavailable) Stlth
                     (ring unavailable)
HPRegen 0.36/turn    (ring unavailable)
MPRegen 0.13/turn    (no gizmo)

%: no passive effects
@: lethally poisoned (-8 -> -14), on berserk cooldown, slowed, revved, very slow
A: off-hand wielding, slow wielding, warmup strikes, no jewellery
a: Invent Gizmo, Renounce Religion, Berserk, Trog's Hand


You were on level 3 of the Lair of Beasts.
You worshipped Trog.
Trog was pleased with you.
You visited 2 branches of the dungeon, and saw 15 of its levels.
You also visited: Ossuary and Bailey.

You collected 1072 gold pieces.
You spent 90 gold pieces at shops.

Inventory:

Hand Weapons
 a - a +0 war axe {Minjun}
 d - a +0 war axe {Arun}
 H - a +1 whip of venom (weapon) {Eanasir}
 K - the +6 whip "Orphecwubb" (offhand) {venom, rElec Will+ Int+2}
   (You found it on level 8 of the Dungeon)

   Int+2:     It affects your intelligence (+2).
   rElec:     It insulates you from electricity.
   Will+:     It increases your willpower.
 T - a +4 war axe of freezing
Armour
 b - a +0 scale mail
 c - a +0 buckler
 f - the -1 helmet "Arghergh" {rElec rF+ MP-9 SInv}
   (You found it on level 9 of the Dungeon)

   rF+:       It protects you from fire.
   rElec:     It insulates you from electricity.
   MP-9:      It affects your magic capacity (-9).
   SInv:      It lets you see invisible.
 j - a +2 helmet (worn)
 n - a +2 robe of cold resistance
 y - a +0 troll leather armour
 E - a +2 cloak of stealth (worn)
 J - a +0 pair of boots (worn)
 S - a +0 plate armour (worn)
Wands
 u - a wand of charming (5)
 C - a wand of polymorph (12)
 L - a wand of flame (24)
 N - a wand of mindburst (17)
Scrolls
 g - 5 scrolls of enchant armour
 h - a scroll of fear
 i - 4 scrolls of vulnerability
 l - 3 scrolls of brand weapon
 o - 3 scrolls of poison
 q - 6 scrolls of teleportation
 s - 5 scrolls of amnesia
 t - a scroll of torment
 x - 4 scrolls of fog
 G - a scroll of noise
 I - a scroll of immolation
 Q - 7 scrolls of summoning
 R - 4 scrolls of enchant weapon
Potions
 e - 9 potions of curing
 k - 4 potions of heal wounds
 m - 7 potions of haste
 p - 4 potions of brilliance
 r - 2 potions of berserk rage
 v - 3 potions of attraction
 w - 4 potions of lignification
 z - 4 potions of cancellation {unknown}
 A - 2 potions of resistance {unknown}
 B - 2 potions of enlightenment {unknown}
 D - 3 potions of invisibility {unknown}
 F - 2 potions of degeneration {unknown}
 M - a potion of mutation
 O - a potion of ambrosia {unknown}
 P - 2 potions of might


   Skills:
 - Level 9.0 Fighting
 + Level 14.3 Axes
 + Level 8.0 Armour
 - Level 5.1 Dodging
 - Level 2.1 Shields
 + Level 15.4 Evocations


You had 12 spell levels left.
You didn't know any spells.
Your spell library contained the following spells:

 Spells                   Type           Power      Damage    Failure   Level
 Inner Flame              Hex/Fire       0%         N/A       100%        3
 Flame Wave               Conj/Fire      0%         2d4       100%        4
 Olgreb's Toxic Radiance  Alch           0%         N/A       100%        4
 Sticky Flame             Fire/Alch      0%         2d4       100%        4
 Ozocubu's Refrigeration  Ice            0%         4d7       100%        7
 Discord                  Hex            0%         N/A       100%        8


Dungeon Overview and Level Annotations

Branches:
Dungeon (12/15)            Temple (0/1) D:5            Lair (3/5) D:9
    Orc (0/2) D:9         Ossuary (visited)          Bailey (visited)
  Swamp: Lair:2-3    Shoals: Lair:2-3     Snake: Lair:2-3    Spider: Lair:2-3

Altars:
Ashenzari
Cheibriados
Fedhas
Gozag
Kikubaaqudgha
Makhleb
Nemelex Xobeh
Ru
Sif Muna
Trog
Vehumet
Wu Jian
Zin
The Shining One

Portals:
Trove: D:11 (give +3 storm dragon scales)

Annotations:
D:10 3 runed translucent doors, zorb987's ghost, journeyman GnRe
Lair:2 exclusion: oklob plant


Innate Abilities, Weirdness & Mutations

You can wield a second weapon in your off-hand.
It takes a long time for you to wield or remove held weapons.
Your first few attacks do less damage.
You cannot equip rings or amulets.


Message History

You thrash the dream sheep with the +6 whip "Orphecwubb"!!
The dream sheep looks as sick as possible!
You feel sick.
The dream sheep headbutts you but does no damage.
The water moccasin bites you.
* * * LOW HITPOINT WARNING * * *
You are more poisoned.
The water moccasin poisons you!
You closely miss the water moccasin with your +1 whip of venom.
You whack the water moccasin with the +6 whip "Orphecwubb"!
The water moccasin is poisoned.
You feel sick.
Unknown command.
Unknown command.
You barely miss the water moccasin with your +1 whip of venom.
The water moccasin is heavily wounded.
You whack the water moccasin with the +6 whip "Orphecwubb"!
You kill the water moccasin!
Trog accepts your kill.
You feel sick.
The dream sheep headbutts you but does no damage.
You whack the dream sheep with your +1 whip of venom!
You kill the dream sheep!
Trog accepts your kill.
You feel sick.
Your Armour skill increases to level 8!
Unknown command.
You are too berserk!
You are no longer berserk.
You are exhausted.
You feel yourself slow down.
You feel sick.
You see here a dream sheep corpse.
Unknown command.
Unknown command.
You feel much better.
You feel very sick. The boulder beetle hits you!!!
* * * LOW HITPOINT WARNING * * *
The boulder beetle stops rolling and uncurls.
The boulder beetle bites you!
You die...

#...... .......
####..>.... .#........
##....°°... ##
##....°.....
#.##....B......
#.....@.....#
##.....†...###
###.....†....#
#P.........###
#.........##
###........##
##.......#######
##......######~~##
####.....#####~~~~~~##


You could see a boulder beetle.

Vanquished Creatures
  Gastronok (Lair:1)
  5 two-headed ogres
  5 death yaks (Lair:2)
  An orc knight (Bailey)
  A cyclops (D:8)
  An ugly thing (D:11)
  A manticore (D:11)
  2 black mambas
  A gargoyle (D:10)
  4 cane toads
  2 rime drakes (Lair:1)
  4 komodo dragons
  Psyche (D:8)
  A guardian mummy (D:11)
  A troll (D:9)
  A polar bear (Lair:1)
  Grinder (D:3)
  A hornet (D:9)
  5 blink frogs (Lair:2)
  3 dream sheep (Lair:3)
  A wyvern (D:11)
  11 yaks
  2 vampires
  A basilisk (D:10)
  Grum (D:8)
  A steam dragon (D:8)
  Menkaure (D:5)
  An acid dragon (D:11)
  8 water moccasins
  14 orc warriors
  A black bear (D:6)
  A centaur (D:10)
  16 wolves
  A phantom (D:6)
  6 bullfrogs
  4 wights (D:9)
  9 killer bees (D:11)
  5 howler monkeys
  2 hounds
  5 jellies
  4 orc priests
  2 gnoll boudas
  Jessica (D:2)
  5 iguanas
  A scorpion zombie (D:5)
  2 sleepcaps (D:6)
  9 orc wizards
  3 hound skeletons (D:5)
  8 mummies (Ossuary)
  A howler monkey skeleton (D:5)
  7 gnolls
  4 adders
  A white imp (D:5)
  2 adder skeletons (D:5)
  3 dart slugs
  A ribbon worm (D:3)
  36 orcs
  11 endoplasms
  2 giant cockroaches
  2 gnoll zombies (Ossuary)
  7 hobgoblins
  4 quokkas
  3 ball pythons
  A bat (D:3)
  4 frilled lizards
  5 goblins
  A hobgoblin zombie (Ossuary)
  6 kobolds
  A kobold zombie (Ossuary)
  4 orc zombies (Ossuary)
  5 rats
279 creatures vanquished.

Vanquished Creatures (others)
  2 gnolls (D:8)
2 creatures vanquished.

Grand Total: 281 creatures vanquished

Notes
Turn   | Place    | Note
-------+----------+-------------------------------------------
     0 | D:1      | DEFE the Coglin Fighter began the quest for the Orb.
     0 | D:1      | Reached XP level 1. HP: 18/18 MP: 1/1
    19 | D:1      | Found a faded altar of an unknown god.
   168 | D:1      | Reached XP level 2. HP: 21/24 MP: 2/2
   904 | D:2      | Reached XP level 3. HP: 26/29 MP: 3/3
   943 | D:2      | Noticed Jessica
   951 | D:2      | Killed Jessica
   956 | D:2      | Reached XP level 4. HP: 31/35 MP: 4/4
  1483 | D:3      | Found a blossoming altar of Fedhas.
  1648 | D:3      | Noticed Grinder
  1650 | D:3      | Found a broken altar of Ashenzari.
  1657 | D:3      | Paralysed by Grinder for 4 turns
  1671 | D:3      | Killed Grinder
  1672 | D:3      | Reached XP level 5. HP: 9/41 MP: 5/5
  1672 | D:3      | Reached XP level 6. HP: 11/47 MP: 6/6
  2493 | D:4      | Found Zin's Purification Station.
  2495 | D:4      | Found a glowing silver altar of Zin.
  2504 | D:4      | Bought a potion of curing for 90 gold pieces
  2547 | D:4      | Found an opulent altar of Gozag.
  2607 | D:4      | Found a bloodstained altar of Trog.
  2829 | D:4      | Found a radiant altar of Vehumet.
  2882 | D:4      | Found an ancient bone altar of Kikubaaqudgha.
  2946 | D:4      | Found a shimmering blue altar of Sif Muna.
  2996 | D:4      | Became a worshipper of Trog the Wrathful
  3013 | D:5      | Entered Level 5 of the Dungeon
  3013 | D:5      | Found an ornate altar of the Wu Jian Council.
  3049 | D:5      | Reached XP level 7. HP: 39/52 MP: 7/7
  3125 | D:5      | Found a staircase to the Ecumenical Temple.
  3246 | D:5      | Found a sand-covered staircase.
  3262 | Ossuary  | Entered an ossuary
  3388 | Ossuary  | Reached skill level 1 in Evocations
  3408 | Ossuary  | Reached skill level 2 in Evocations
  3620 | D:5      | Reached * piety under Trog
  3992 | D:5      | Reached skill level 3 in Evocations
  4140 | D:5      | Noticed Menkaure
  4192 | D:5      | Killed Menkaure
  4193 | D:5      | Reached skill level 4 in Evocations
  4193 | D:5      | Reached XP level 8. HP: 58/58 MP: 8/8
  4417 | D:6      | Reached skill level 5 in Evocations
  4603 | D:6      | Reached skill level 6 in Evocations
  5391 | D:7      | Reached skill level 7 in Evocations
  5474 | D:7      | Reached XP level 9. HP: 41/63 MP: 9/9
  5681 | D:7      | HP: 2/63 [gnoll/+0 halberd[a gnoll bouda] (9)]
  6013 | D:8      | Noticed Jeremiah
  6014 | D:8      | Jeremiah changed into Jeremiah the cyclops
  6014 | D:8      | Noticed Jeremiah
  6022 | D:8      | Killed Jeremiah the cyclops
  6023 | D:8      | Reached skill level 10 in Axes
  6023 | D:8      | Reached skill level 8 in Evocations
  6159 | D:8      | Identified the +1 kite shield of the Heavens {rPois rC+}
  6184 | D:8      | Identified the +6 whip "Orphecwubb" {venom, rElec Will+
                  | Int+2}
  6332 | D:8      | Noticed Psyche
  6338 | D:8      | Killed Psyche
  6339 | D:8      | Reached skill level 9 in Evocations
  6452 | D:8      | Identified the +1 scale mail of Fashionability {rN++ Will-
                  | Str-4 Int+2}
  6562 | D:8      | Noticed Grum
  6596 | D:8      | Killed Grum
  6725 | D:8      | Reached skill level 10 in Evocations
  6731 | D:8      | Reached XP level 10. HP: 73/73 MP: 10/10
  6801 | D:9      | Found a staircase to the Lair.
  6802 | D:9      | Found a burning altar of Makhleb.
  6816 | D:9      | Found a staircase to the Orcish Mines.
  6820 | D:9      | Noticed a two-headed ogre
  6828 | D:9      | Killed a two-headed ogre
  6829 | D:9      | Reached skill level 5 in Fighting
  7101 | D:9      | Reached skill level 11 in Evocations
  7157 | D:9      | Identified the -1 helmet "Arghergh" {rElec rF+ MP-9 SInv}
  7258 | D:9      | Found a flagged portal.
  7270 | Bailey   | Entered a bailey
  7456 | Bailey   | Reached ** piety under Trog
  7621 | Bailey   | Noticed an orc knight
  7681 | Bailey   | Killed an orc knight
  8195 | D:10     | Entered Level 10 of the Dungeon
  8198 | D:10     | Noticed a two-headed ogre
  8207 | D:10     | Killed a two-headed ogre
  8208 | D:10     | Reached skill level 12 in Evocations
  8208 | D:10     | Reached XP level 11. HP: 75/84 MP: 11/11
  8505 | D:10     | Found a runed translucent gate.
  8505 | D:10     | Found a runed translucent gate.
  8508 | D:10     | Found a runed translucent gate.
  8519 | D:10     | Noticed a boulder beetle
  8521 | D:10     | Noticed zorb987's ghost (journeyman GnRe)
  8524 | D:10     | Noticed a centaur warrior
  8663 | D:10     | Found a sparkling altar of Nemelex Xobeh.
  8675 | D:10     | Found a glowing golden altar of the Shining One.
  8758 | D:10     | Found a sacrificial altar of Ru.
  8759 | D:10     | Found a snail-covered altar of Cheibriados.
  9527 | D:11     | Noticed a manticore
  9534 | D:11     | Killed a manticore
  9547 | D:11     | Noticed a two-headed ogre
  9560 | D:11     | Killed a two-headed ogre
  9561 | D:11     | Reached skill level 13 in Evocations
  9632 | D:11     | Noticed a brown ugly thing
  9639 | D:11     | Killed a brown ugly thing
  9984 | D:11     | HP: 1/130 [wyvern (13)]
 10142 | D:11     | Noticed a two-headed ogre
 10148 | D:11     | Killed a two-headed ogre
 10187 | D:11     | Noticed a two-headed ogre
 10204 | D:11     | Killed a two-headed ogre
 10336 | D:11     | Found a portal to a secret trove of treasure.
 10656 | Lair:1   | Entered Level 1 of the Lair of Beasts
 10683 | Lair:1   | Reached XP level 12. HP: 95/95 MP: 12/12
 10948 | Lair:1   | Reached skill level 14 in Evocations
 11004 | Lair:1   | Noticed Gastronok
 11019 | Lair:1   | Killed Gastronok
 12602 | Lair:2   | Reached skill level 5 in Dodging
 12602 | Lair:2   | Reached XP level 13. HP: 101/101 MP: 13/13
 13772 | Lair:2   | Reached skill level 15 in Evocations
 14743 | Lair:3   | HP: 5/101 [boulder beetle (41)]
 14743 | Lair:3   | Mangled by a boulder beetle

Illustrated notes

Levels and vault maps discovered:
D:1:      minmay_arrival_glassed_features, layout_basic,
          ebering_ecumenical_altar_petrified
D:2:      layout_basic, uniq_jessica
D:3:      layout_basic, ashenzari_altar_1, mainiacjoe_overflow_cross_hatched,
          uniq_grinder
D:4:      layout_cave_pools, palyth_temple_overflow_mages,
          nicolae_gozag_cash_rules_everything_around_me, zin_purify,
          old_standard_altar
D:5:      layout_basic, lemuel_crystal_altar, minmay_temple_entry_hall,
          serial_corexii_hall, corexii_hall_statues_u, corexii_hall_statues_t,
          mainiacjoe_ossuary_entry_find_the_door, uniq_menkaure
D:6:      layout_basic, kennysheep_generic_room_13
D:7:      layout_basic
D:8:      layout_rooms, uniq_grum, uniq_psyche, uniq_jeremiah
D:9:      layout_cave_pools, bloody_makhleb, lair_entry_dummy, david_orc_3,
          enter_bailey_2, amcnicky_mini_pool_small
D:10:     layout_basic, nicolae_overflow_hidden_temple, gammafunk_ghost_split
D:11:     layout_roguey, nicolae_trove_entry_path_of_doom
D:12:     layout_basic, nicolae_two_hexagons, nicolae_underground_beach
Lair:1:   layout_regular_city, uniq_gastronok
Lair:2:   layout_regular_city, serial_bayou_shore_a, grunt_megastairs_3,
          serial_bayou_shore_b
Lair:3:   layout_hall_layers, nicolae_swamp_entry_splash_gauntlet,
          alex1729_snake_entry_snake, gauntlet_entry_generic,
          cheibrodos_lair_caveside_slide, uniq_kirke

Skill      XL: |  1  2  3  4  5  6  7  8  9 10 11 12 13 |
---------------+----------------------------------------+-----
Axes           | 3 4 6 7 8 9 11 12 13 14 | 14.3
Evocations     | 4 7 10 12 13 14 15 | 15.4
Fighting       | 4 7 9 |  9.0
Armour         | 7 8 |  8.0
Dodging        | 5 |  5.1
Shields        | |  2.1

Action                     |  1- 3 |  4- 6 |  7- 9 | 10-12 | 13-15 || total
---------------------------+-------+-------+-------+-------+-------++-------
  Melee: War axe           |    72 |   134 |   270 |       |       ||   476
         Whip              |       |       |   126 |   816 |   312 ||  1254
 Invoke: Berserk           |       |       |     2 |    17 |     4 ||    23
         Trog's Hand       |       |       |       |     1 |     1 ||     2
  Evoke: Wand              |       |       |     2 |       |       ||     2
    Use: Potion            |       |     1 |     1 |     2 |     1 ||     5
         Scroll            |       |     5 |     7 |     9 |     2 ||    23
   Stab: Sleeping          |       |       |     3 |       |       ||     3
 Armour: Scale mail        |    49 |   102 |    24 |       |       ||   175
         Troll leather arm |       |       |   142 |   254 |       ||   396
         Plate armour      |       |       |       |   118 |   147 ||   265
  Dodge: Dodged            |    22 |    24 |   119 |   180 |    48 ||   393
  Block: Buckler           |     9 |    19 |       |       |       ||    28

Table legend: (Time is in decaauts)
 A = Elapsed time spent in this place.
 B = Non-inter-level travel time spent in this place.
 C = Inter-level travel time spent in this place.
 D = Time resting spent in this place.
 E = Time spent auto-exploring this place.
 F = Levels seen in this place.
 G = Mean time per level.
                   A        B        C        D        E       F      G
               +--------+--------+--------+--------+--------+-----+--------+
         Total |  14867 |  14464 |    403 |   3959 |   8227 |  17 |  874.5 |
       Dungeon |   9915 |   9541 |    374 |   1643 |   6336 |  12 |  826.2 |
          Lair |   4083 |   4054 |     29 |   1937 |   1651 |   3 | 1361.0 |
       Ossuary |    321 |    321 |      0 |    100 |    153 |   1 |  321.0 |
        Bailey |    547 |    547 |      0 |    278 |     87 |   1 |  547.0 |
               +--------+--------+--------+--------+--------+-----+--------+

Top non-repeatable levels by time:
  Lair:1: 1951 daAuts
  Lair:2: 1881 daAuts
    D:10: 1345 daAuts
    D:11: 1086 daAuts
     D:5: 1064 daAuts
     D:3: 949 daAuts
     D:8: 940 daAuts
     D:6: 896 daAuts
     D:1: 857 daAuts
     D:7: 758 daAuts
     D:9: 730 daAuts
     D:4: 632 daAuts
     D:2: 627 daAuts
  Bailey: 547 daAuts
 Ossuary: 321 daAuts
